 Dungeon Crawl Stone Soup version 0.22.0-21-g8bd1b0a76a (webtiles) character file.

63 Freyura the Sneak (level 4, 0/23 HPs)
             Began as a Vine Stalker Assassin on Aug 19, 2018.
             Succumbed to an adder's poison
             ... on level 2 of the Dungeon.
             The game lasted 00:03:48 (1149 turns).

Freyura the Sneak (Vine Stalker Assassin)           Turns: 1149, Time: 00:03:49

Health: 0/23       AC:  3    Str: 13    XL:     4   Next: 10%
Magic:  0/5        EV: 12    Int: 11    God:
Gold:   139        SH:  0    Dex: 17    Spells: 3/3 levels left

rFire    . . .     SeeInvis .   a - +2 dagger
rCold    . . .     Gourm    .   (no shield)
rNeg     . . .     Faith    .   c - +0 robe
rPois    .         Spirit   +   (no helmet)
rElec    .         Reflect  .   d - +0 cloak
rCorr    .         Harm     .   (no gloves)
MR       .....                  (no boots)
Stlth    +++.......             (no amulet)
HPRegen  0.47/turn              (no ring)
MPRegen  0.09/turn              (no ring)

@: lethally poisoned (0 -> -4)
A: fangs 2, regeneration 1, magic shield, antimagic bite, no potion heal 3, rot
immunity
a: no special abilities


You were on level 2 of the Dungeon.
You were hungry.

You visited 1 branch of the dungeon, and saw 2 of its levels.

You collected 139 gold pieces.

Inventory:

Hand Weapons
 a - a +2 dagger (weapon)
 b - a +0 blowgun
Missiles
 e - 20 poisoned needles
 f - 2 curare-tipped needles
Armour
 c - a +0 robe (worn)
 d - a +0 cloak (worn)
Scrolls
 h - 3 scrolls of remove curse {unknown}
 i - 2 scrolls of identify {unknown}
 j - 2 scrolls of blinking {unknown}
Comestibles
 g - 3 rations


   Skills:
 + Level 2.2 Fighting
 + Level 2.3 Short Blades
 - Level 1.7 Throwing
 + Level 1.4 Dodging
 * Level 5.8 Stealth


You had 3 spell levels left.
You didn't know any spells.
Your spell library was empty.

Dungeon Overview and Level Annotations

Branches:
Dungeon (2/15)

Altars:
Zin


Innate Abilities, Weirdness & Mutations

You have extremely sharp teeth.
Your natural rate of healing is unusually fast.
When hurt, damage is shared between your health and your magic reserves.
Your bite disrupts and absorbs the magic of your enemies.
Potions cannot restore your health.
You are immune to rotting.


Message History

You miss the adder.
The adder is lightly wounded.
You feel sick. The adder barely misses you. The adder bites you.
* * * LOW HITPOINT WARNING * * *
You hit the adder. Your bite misses the adder.
The adder is moderately wounded.
* * * LOW HITPOINT WARNING * * *
You feel sick. The adder bites you but does no damage.
You closely miss the adder. Your bite misses the adder.
The adder is moderately wounded.
The adder bites you.
You miss the adder.
The adder is moderately wounded.
The adder bites you.
* * * LOW HITPOINT WARNING * * *
You are more poisoned.
The adder poisons you!
You barely miss the adder. Your bite misses the adder.
The adder is moderately wounded.
You die...

.. ..# .#.#..###
..#.?..## .......##
........# #.......#
#.......# . #.##.#..# . #
.P. #.@S....##.# #
.....#.##........ ### .
#..........##.# ..# ..
#######...## #.##
...#####.......# #...
.........###...# .....
............[<.....
...............##....####
#..###...#####.##.##.#


You could see an adder.

Vanquished Creatures
  An adder (D:2)
  2 oozes
  2 dart slugs (D:1)
  2 leopard geckos
  A giant cockroach (D:1)
  6 goblins
  2 hobgoblins
  6 jackals (D:2)
  6 kobolds
  2 ball pythons
  2 bats (D:1)
  8 rats
40 creatures vanquished.

Notes
Turn   | Place    | Note
-------+----------+-------------------------------------------
     0 | D:1      | Freyura the Vine Stalker Assassin began the quest for the Orb.
     0 | D:1      | Reached XP level 1. HP: 11/11 MP: 2/2
   133 | D:1      | Reached skill level 5 in Stealth
   186 | D:1      | Reached skill level 1 in Dodging
   186 | D:1      | Reached XP level 2. HP: 13/15 MP: 3/3
   577 | D:1      | Reached XP level 3. HP: 18/18 MP: 4/4
  1077 | D:2      | Found a glowing silver altar of Zin.
  1138 | D:2      | Gained mutation: Your natural rate of healing is unusually fast. [Vine Stalker growth]
  1138 | D:2      | Reached XP level 4. HP: 7/23 MP: 2/5
  1145 | D:2      | HP: 1/23 [adder (1)]
  1149 | D:2      | Succumbed to an adder's poison

Skill      XL: |  1  2 |
---------------+-------+-----
Stealth        | 5 |  5.8
Dodging        | 1 |  1.4
Short Blades   | 2 |  2.3
Fighting       | 2 |  2.2
Throwing       | |  1.7

Action                   |  1- 3 |  4- 6 || total
-------------------------+-------+-------++-------
Melee: Dagger            |   103 |    10 ||   113
       Bite              |    28 |       ||    28
 Stab: Sleeping          |     6 |       ||     6
Armor: Robe              |    15 |     1 ||    16
Dodge: Dodged            |    61 |     4 ||    65
